AoeStats
← CapDeadpool600

Arabia

510367693Analyzed
1v1 RM · 2d ago on Sep 30, 2026· 51m 51s· 2 players
Game mode
Random Map
Map size
Tiny (2 player)
Population
200
Speed
Normal
Resources
Standard
Victory
Conquest
Starting age
Dark Age
Ending age
Imperial Age
RankedLock teamsTeams togetherTeam positionsShared explorationLock speedFull tech treeHidden civsTurbo modeCheats
Victory
Defeat
🇨🇴 Franks · Colombia
403
+18
🇺🇸 Slavs · United States
450
-25
Maruguari
15:14 Feudal Age
13:30 Loom
15:43 Double-Bit Axe
16:40 Wheelbarrow
19:56 Gold Mining
27:57 Castle Age
26:32 Forging
26:47 Scale Mail Armor
28:17 Scale Barding Armor
28:29 Stone Mining
28:52 Bow Saw
30:50 Chain Barding Armor
31:07 Iron Casting
32:01 Gold Shaft Mining
31:09 Pikeman
32:32 Chain Mail Armor
33:51 Fervor
34:06 Husbandry
36:36 Squires
43:27 Imperial Age
43:42 Elite Throwing Axeman
44:59 Hoardings
44:47 Conscription
47:48 Blast Furnace
48:59 Plate Mail Armor
49:36 Plate Barding Armor
49:57 Hand Cart
49:55 Cavalier
CapDeadpool600
9:59 Feudal Age
17:08 Wheelbarrow
16:21 Horse Collar
16:30 Double-Bit Axe
19:43 Man-at-Arms
20:55 Forging
20:47 Scale Mail Armor
20:40 Fletching
22:12 Bloodlines
26:32 Castle Age
25:58 Padded Archer Armor
26:19 Scale Barding Armor
29:00 Hand Cart
29:11 Hand Cart
29:14 Husbandry
35:10 Crossbowman
35:13 Elite Skirmisher
36:30 Bodkin Arrow
37:11 Iron Casting
36:52 Chain Mail Armor
38:37 Fortified Wall
38:24 Murder Holes
38:40 Masonry
38:23 Long Swordsman
Connection lost

Rejoining the realm…

Still unreachable

The connection could not be restored.

Session expired

The server has moved on; the page needs a fresh start.